 Dungeon Crawl Stone Soup version 0.21-a0-207-g4a9efaf (webtiles) character file.

19 4thArraOfDagon the Vexing (level 2, 1/25 HPs)
             Began as a Hill Orc Enchanter on Aug 20, 2017.
             Was an Initiate of Okawaru.
             Quit the game on level 2 of the Dungeon.
             The game lasted 00:03:00 (577 turns).

4thArraOfDagon the Vexing (Hill Orc Enchanter)       Turns: 577, Time: 00:03:00

Health: 1/25       AC:  9    Str: 10    XL:     2   Next: 75%
Magic:  4/4        EV:  4    Int: 20    God:    Okawaru [......]
Gold:   82         SH:  0    Dex: 11    Spells: 1/4 levels left

rFire    + . .     SeeInvis .   m - +0 whip (elec)
rCold    . . .     Gourm    .   (no shield)
rNeg     . . .     Faith    .   n - +0 chain mail
rPois    .         Spirit   .   (no helmet)
rElec    .         Reflect  .   (no cloak)
rCorr    .         Harm     .   h - +0 pair of gloves
MR       .....                  (no boots)
Stlth    ..........             (no amulet)
HPRegen  0.08/turn              e - ring of protection from fire
MPRegen  0.09/turn              (no ring)

@: brilliant, lethally poisoned (1 -> -5), flying
A: no striking features
a: Renounce Religion


You were on level 2 of the Dungeon.
You worshipped Okawaru.
Okawaru was noncommittal.
You were not hungry.

You visited 1 branch of the dungeon, and saw 2 of its levels.

You collected 82 gold pieces.

Inventory:

Hand Weapons
 a - a +1 dagger
 l - a +0 mace
 m - a +0 whip of electrocution (weapon)
Armour
 b - a +0 robe
 h - a +0 pair of gloves (worn)
 n - a +0 chain mail (worn)
Jewellery
 e - a ring of protection from fire (left hand)
Scrolls
 g - 2 scrolls of remove curse {unknown}
 j - 3 scrolls of identify {unknown}
Books
 c - a book of Maledictions

   Spells                             Type                      Level
   a - Corona                         Hexes                        1
   b - Ensorcelled Hibernation        Hexes/Ice                    2
   c - Confuse                        Hexes                        3
   d - Tukima's Dance                 Hexes                        3
   e - Dazzling Spray                 Conjuration/Hexes            3
Comestibles
 d - a bread ration


   Skills:
 + Level 2.7 Fighting
 - Level 1.0 Short Blades
 - Level 1.5 Dodging
 - Level 2.4 Stealth
 - Level 1.5 Spellcasting
 - Level 3.0 Hexes
 + Level 0.0 Invocations


You had one spell level left.
You knew the following spells:

 Your Spells              Type           Power        Failure   Level  Hunger
a - Corona                Hex            ####...      38%         1    #......
b - Ensorcelled Hibernat  Hex/Ice        ###...       69%         2    ###....


Dungeon Overview and Level Annotations

Branches:
Dungeon (2/15)

Altars:
Okawaru


Message History

Your chain mail prevents you from hitting the adder.
The adder is almost dead.
* * * LOW HITPOINT WARNING * * *
You feel sick. The adder bites you but does no damage.
Unknown command.
Unknown command.
You closely miss the adder.
The adder is almost dead.
* * * LOW HITPOINT WARNING * * *
You feel sick. The adder bites you but does no damage.
The adder closely misses you.
Unknown command.
Unknown command.
Unknown command.
You barely miss the adder.
The adder is almost dead.
The adder barely misses you.
Unknown command.
Unknown command.
Are you sure you want to abandon this character and quit the game? (Confirm with "yes".)

#.##.......##...#
.. #.....#.##...#
# #.....#).....#
#.....###....#
##...#####...#
###...##......#
#..... #.##...#
......##.##...#
#(S@.######
#.#### .. ... .##


You could see an adder.

Vanquished Creatures
  A bat (D:1)
  A giant cockroach (D:1)
  A goblin (D:1)
  3 hobgoblins (D:1)
  2 jackals (D:1)
  4 kobolds
  A ball python (D:1)
  A frilled lizard (D:1)
  3 rats (D:1)
17 creatures vanquished.

Notes
Turn   | Place    | Note
-------+----------+-------------------------------------------
     0 | D:1      | 4thArraOfDagon the Hill Orc Enchanter began the quest for the Orb.
     0 | D:1      | Reached XP level 1. HP: 14/14 MP: 3/3
    95 | D:1      | Reached skill level 1 in Fighting
   167 | D:2      | Found an iron altar of Okawaru.
   190 | D:2      | Became a worshipper of Warmaster Okawaru
   225 | D:1      | Reached XP level 2. HP: 18/24 MP: 4/4
   360 | D:1      | Learned a level 2 spell: Ensorcelled Hibernation
   575 | D:2      | HP: 1/25 [poisoned by an adder]
   577 | D:2      | Quit the game

Vault maps used:
D:1:      lemuel_arrival_funnel, serial_corexii_hall, corexii_hall_statues_x,
          corexii_hall_statues_t
D:2:      lemuel_crystal_altar

Skill      XL: |  1 |
---------------+----+-----
Fighting       | 2 |  2.7
Short Blades   | |  1.0
Dodging        | |  1.5
Stealth        | |  2.4
Spellcasting   | |  1.5
Hexes          | |  3.0

Action                   || total
-------------------------++-------
Melee: Dagger            ||    62
       Whip              ||    21
Throw: Throwing net      ||     2
 Cast: Corona            ||     3
       Ensorcelled Hiber ||     3
  Use: Potion            ||     2
 Stab: Sleeping          ||     3
Armor: Robe              ||    10
       Chain mail        ||    14
Dodge: Dodged            ||    42
